 Dungeon Crawl Stone Soup version 0.27.1-33-g824d729ab1 (webtiles) character file.

Game seed: 1561102243346420736

610 zeram the Covert (level 7, 0/40 HPs)
             Began as a Kobold Brigand on Dec 12, 2021.
             Slain by a water moccasin skeleton (1 damage)
             ... on level 5 of the Dungeon.
             The game lasted 00:10:45 (5102 turns).

zeram the Covert (Kobold Brigand)                   Turns: 5102, Time: 00:10:46

Health: 0/40       AC:  4    Str:  9    XL:     7   Next: 72%
Magic:  7/7        EV: 15    Int: 14    God:
Gold:   259        SH:  0    Dex: 16    Spells: 6/6 levels left

rFire    . . .     SeeInvis .   j - +3 dagger (elec)
rCold    . . .     Faith    .   (shield restricted)
rNeg     . . .     Spirit   .   b - +0 robe
rPois    .         Reflect  .   (helmet restricted)
rElec    .         Harm     .   c - +0 cloak
rCorr    .         Rampage  .   n - +0 pair of gloves
Will     .....                  (no boots)
Stlth    ++++++....             (no amulet)
HPRegen  0.13/turn              (no ring)
MPRegen  0.10/turn              (no ring)

@: unable to read, on berserk cooldown, very slightly contaminated, slowed,
invisible, very slow
A: small, no large weapons, nightstalker 3, horns 1, inability to read while
threatened
a: no special abilities


You were on level 5 of the Dungeon.
You visited 1 branch of the dungeon, and saw 5 of its levels.

You collected 259 gold pieces.

Inventory:

Hand Weapons
 a - a +2 dagger
 j - a +3 dagger of electrocution (weapon)
Missiles
 d - 31 poisoned darts (quivered)
 e - 2 curare-tipped darts
 i - 5 datura-tipped darts
Armour
 b - a +0 robe (worn)
 c - a +0 cloak (worn)
 n - a +0 pair of gloves (worn)
Jewellery
 q - a ring of flight
Scrolls
 f - 3 scrolls of fear
 l - a scroll of amnesia
 p - a scroll of magic mapping
Potions
 g - 2 potions of berserk rage
 h - a potion of degeneration
 m - 3 potions of haste {unknown}
 o - a potion of flight


   Skills:
 - Level 2.1 Fighting
 - Level 2.6 Short Blades
 - Level 2.1 Throwing
 + Level 3.0 Dodging
 + Level 11.5 Stealth


You had 6 spell levels left.
You didn't know any spells.
Your spell library contained the following spells:

 Spells                   Type           Power      Damage    Failure   Level
 Conjure Ball Lightning   Conj/Air       0%         3x3d6     100%        6
 Discord                  Hex            0%         N/A       100%        8
 Disjunction              Tloc           0%         N/A       100%        8


Dungeon Overview and Level Annotations

Branches:
Dungeon (5/15)
 Temple: D:4-7

Altars:
Hepliaklqana
Makhleb


Innate Abilities, Weirdness & Mutations

You are small and have problems with some larger weapons.
You are completely attuned to the shadows.
You have a pair of small horns on your head.
You sometimes lose the ability to read scrolls when taking damage.


Message History

The water moccasin skeleton bites you.
You feel threatened and lose the ability to read scrolls!
* * * LOW HITPOINT WARNING * * *
You can read scrolls again.
A red film seems to cover your vision as you go berserk!
You feel yourself moving faster!
You feel mighty!
The water moccasin skeleton closely misses you.
You are too berserk!
You hit the water moccasin skeleton.
Flame seeps out of the water moccasin skeleton.
The water moccasin skeleton is lightly damaged.
The water moccasin skeleton is engulfed in blazing flames.
Flame seeps out of the water moccasin skeleton.
The water moccasin skeleton barely misses you.
The water moccasin skeleton is engulfed in blazing flames.
Flame seeps out of the water moccasin skeleton.
You feel a strong urge to attack something.
You feel your anger nearly subside.
You are no longer berserk.
You are exhausted.
You feel yourself slow down.
The water moccasin skeleton barely misses you.
The water moccasin skeleton bites you!
You feel threatened and lose the ability to read scrolls!
* * * LOW HITPOINT WARNING * * *
The water moccasin skeleton closely misses you.
The water moccasin skeleton bites you but does no damage.
You can read scrolls again.
The water moccasin skeleton closely misses you.
You fade into invisibility!
The water moccasin skeleton's inner flame fades away.
The water moccasin skeleton bites you.
You feel threatened and lose the ability to read scrolls!
* * * LOW HITPOINT WARNING * * *
The water moccasin skeleton bites you but does no damage.
You are very lightly contaminated with residual magic.
You hit the water moccasin skeleton.
The water moccasin skeleton is almost destroyed.
The water moccasin skeleton barely misses you.
The water moccasin skeleton bites you.
You die...

.......## ........# #.....
........# #..... #########
#####.#.####..[.. .##.##..#
#.#...##.....
.......#########.###....###
..#....<......##.#
####...##
#..###.######.##Z# ###..#
..†# #.# #.##@# ##.#
.#..##.# #.##.# #.####
.#..... #..#.# #.....
.#..<. ##...## #.....
##.... ##...# ###.....
##..######..(..##
##.........#####
#......##### #.....##


You could see a water moccasin skeleton.

Vanquished Creatures
  A black bear (D:3)
  2 scorpions (D:4)
  2 centaur zombies (D:4)
  A gnoll shaman (D:5)
  A hound (D:5)
  An iguana (D:4)
  4 gnolls (D:5)
  9 adders
  A white imp (D:4)
  2 ufetubi (D:4)
  2 adder skeletons (D:4)
  3 worms
  3 dart slugs
  3 orcs (D:3)
  12 ball pythons
  6 endoplasms
  3 giant cockroaches
  7 goblins
  8 hobgoblins
  2 jackals (D:1)
  6 kobolds
  4 quokkas
  9 bats
  4 frilled lizards
  6 rats
102 creatures vanquished.

Vanquished Creatures (others)
  A fungus (D:3)
1 creature vanquished.

Grand Total: 103 creatures vanquished

Notes
Turn   | Place    | Note
-------+----------+-------------------------------------------
     0 | D:1      | zeram the Kobold Brigand began the quest for the Orb.
     0 | D:1      | Reached XP level 1. HP: 12/12 MP: 1/1
   293 | D:1      | Reached XP level 2. HP: 16/17 MP: 2/2
   298 | D:1      | Reached skill level 6 in Stealth
   738 | D:1      | Reached XP level 3. HP: 21/21 MP: 3/3
  1135 | D:2      | Found a faded altar of an unknown god.
  1183 | D:2      | Reached skill level 7 in Stealth
  1250 | D:2      | Reached XP level 4. HP: 26/26 MP: 4/4
  1432 | D:2      | Gained mutation: You have a pair of small horns on your
                  | head. [potion of mutation]
  1432 | D:2      | Gained mutation: You sometimes lose the ability to read
                  | scrolls when taking damage. [potion of mutation]
  2171 | D:2      | Reached skill level 8 in Stealth
  2375 | D:3      | Noticed a black bear
  2379 | D:3      | Killed a black bear
  2380 | D:3      | Reached skill level 9 in Stealth
  2380 | D:3      | Reached XP level 5. HP: 30/30 MP: 5/5
  2421 | D:3      | Found a hazy altar of Hepliaklqana.
  2460 | D:3      | Reached XP level 6. HP: 29/35 MP: 6/6
  3572 | D:4      | Reached skill level 10 in Stealth
  4097 | D:4      | Reached XP level 7. HP: 29/40 MP: 7/7
  4201 | D:4      | Found a burning altar of Makhleb.
  4287 | D:4      | Reached skill level 11 in Stealth
  4652 | D:5      | Entered Level 5 of the Dungeon
  5101 | D:5      | HP: 1/40 [water moccasin skeleton (3)]
  5102 | D:5      | Slain by a water moccasin skeleton

Illustrated notes

Levels and vault maps discovered:
D:1:      nzn_arrival_crosshair, layout_loops_ring, minmay_surrounded
D:2:      layout_basic, ebering_ecumenical_altar_ruins
D:3:      layout_basic, mainiacjoe_overflow_tiny_flanked,
          kennysheep_small_spiral, chequers_jeans
D:4:      layout_loops_ring, old_standard_altar
D:5:      layout_rooms, biasface_ghost_orc_armoury, uniq_duvessa

Skill      XL: |  1  2  3  4  5  6  7 |
---------------+----------------------+-----
Stealth        | 6 7 9 10 11 | 11.5
Dodging        | 2 3 |  3.0
Fighting       | |  2.1
Short Blades   | |  2.6
Throwing       | |  2.1

Action                   |  1- 3 |  4- 6 |  7- 9 || total
-------------------------+-------+-------+-------++-------
Melee: Dagger            |    67 |   113 |    47 ||   227
       Headbutt          |       |    14 |     7 ||    21
Throw: Dart              |     2 |     1 |     1 ||     4
  Use: Scroll            |     5 |     4 |     3 ||    12
       Potion            |       |     2 |     2 ||     4
 Stab: Sleeping          |    19 |    22 |     7 ||    48
Armor: Robe              |    11 |    10 |    15 ||    36
Dodge: Dodged            |    39 |    61 |    45 ||   145
